 Dungeon Crawl Stone Soup version 0.22-b1-59-g0aedee734a (webtiles) character file.

20312 jehirs the Cleaver (level 12, -10/114 HPs)
             Began as a Deep Dwarf Fighter on Aug 9, 2018.
             Was a High Priest of Makhleb.
             Mangled by a spiny frog (11 damage)
             ... on level 2 of the Lair of Beasts.
             The game lasted 00:43:43 (10581 turns).

jehirs the Cleaver (Deep Dwarf Fighter)            Turns: 10581, Time: 00:43:44

Health: -10/114    AC: 11    Str: 24    XL:     12   Next: 44%
Magic:  6/6        EV:  9    Int: 10    God:    Makhleb [*****.]
Gold:   708        SH: 13    Dex: 14    Spells: 11/11 levels left

rFire    . . .     SeeInvis +   a - +1 war axe
rCold    . . .     Gourm    +   c - +1 shield
rNeg     . . .     Faith    .   E - +2 scale mail of Optimism {MR+}
rPois    .         Spirit   .   L - +0 hat {SInv}
rElec    .         Reflect  .   (no cloak)
rCorr    .         Harm     .   (no gloves)
MR       ++...                  (no boots)
Stlth    ..........             w - amulet of the gourmand
HPRegen  0.00/turn              s - +2 ring of dexterity
MPRegen  0.10/turn              (no ring)

@: lethally poisoned (-10 -> -10), non-regenerating, studying Armour
A: damage resistance, heal wounds, sense surroundings 2, no regeneration
a: Heal Wounds, Minor Destruction, Lesser Servant of Makhleb, Major Destruction,
Greater Servant of Makhleb, Renounce Religion


You were on level 2 of the Lair of Beasts.
You worshipped Makhleb.
Makhleb was extremely pleased with you.
You were very full.

You visited 2 branches of the dungeon, and saw 13 of its levels.
You also visited: Bailey.

You collected 708 gold pieces.

Inventory:

Hand Weapons
 a - a +1 war axe (weapon)
Armour
 c - a +1 shield (worn)
 E - the +2 scale mail of Optimism (worn) {MR+}
   (You found it on level 7 of the Dungeon)

   It affects your resistance to hostile enchantments.
 L - a +0 hat of see invisible (worn)
   (You took it off Gastronok on level 9 of the Dungeon)
Jewellery
 r - an uncursed ring of ice
   (You found it on level 3 of the Dungeon)
 s - a +2 ring of dexterity (left hand)
   (You found it on level 6 of the Dungeon)
 v - an uncursed ring of magical power
   (You found it on level 5 of the Dungeon)
 w - an amulet of the gourmand (around neck)
   (You found it on level 5 of the Dungeon)
 y - an uncursed ring of flight
   (You found it on level 6 of the Dungeon)
 M - an uncursed ring of see invisible {unknown}
   (You found it on level 10 of the Dungeon)
Wands
 t - a wand of flame (24)
   (You found it on level 9 of the Dungeon)
 J - a wand of polymorph (6)
   (You found it on level 9 of the Dungeon)
Scrolls
 b - a scroll of enchant weapon
 g - 6 scrolls of teleportation {@r4}
 k - 3 scrolls of fear
 m - 2 scrolls of blinking
 o - 4 scrolls of enchant armour
 u - a scroll of amnesia {unknown}
 z - a scroll of immolation {!r}
 H - a scroll of silence {unknown}
 N - a scroll of fog {unknown}
Potions
 d - 4 potions of might
 f - 2 potions of brilliance {unknown}
 h - 2 potions of degeneration {!q}
 l - 4 potions of cancellation
 n - a potion of flight {unknown}
 q - 2 potions of berserk rage
 x - 2 potions of resistance
 A - 3 potions of magic
 B - a potion of ambrosia {unknown}
 C - 4 potions of haste {@q3}
 F - a potion of mutation {unknown}
 G - a potion of lignification {unknown}
Books
 I - a manual of Armour {!d}
   (You found it in a bailey)
Miscellaneous
 K - a sack of spiders
Comestibles
 e - 14 rations {!d}


   Skills:
 + Level 9.0 Fighting
 + Level 13.7 Axes
 + Level 12.4 Armour
 + Level 10.7 Shields
 - Level 5.0 Invocations


You had 11 spell levels left.
You didn't know any spells.
Your spell library contained the following spells:

 Spells                   Type           Power        Failure   Level  Hunger
 Confuse                  Hex            #.......     98%         3    ####...
 Tukima's Dance           Hex            #.......     98%         3    ####...
 Ensorcelled Hibernation  Hex/Ice        #.....       89%         2    ###....
 Corona                   Hex            #......      78%         1    ##.....
 Dazzling Spray           Conj/Hex       #.....       98%         3    ####...


Dungeon Overview and Level Annotations

Branches:
Dungeon (11/15)            Temple (0/1) D:6            Lair (2/6) D:10
 Spider (0/4) Lair:2
  Swamp: Lair:2-4    Shoals: Lair:2-4       Orc: D:9-12

Altars:
Ashenzari
Makhleb
Xom
Yredelemnul
The Shining One

Shops:
D:10 =

Annotations:
D:3 3 runed doors, Arth's ghost, weakling TrFi


Innate Abilities, Weirdness & Mutations

You are resistant to damage.
You can heal yourself by infusing magical energy.
You passively map the area around you.
You do not regenerate.


Message History

* * * LOW HITPOINT WARNING * * *
You are poisoned.
The spiny frog poisons you!
You miss the vampire mosquito.
You hit the spiny frog but do no damage.
You feel sick.
You block the vampire mosquito's attack.
You block the spiny frog's attack. The vampire mosquito barely misses you.
You miss the vampire mosquito. You hit the spiny frog.
You feel sick.
The vampire mosquito bites you but does no damage.
You block the spiny frog's attack.
You hit the vampire mosquito. You closely miss the spiny frog.
The vampire mosquito bites you.
* * * LOW HITPOINT WARNING * * *
The vampire mosquito draws strength from your injuries!
You block the vampire mosquito's attack.
You block the spiny frog's attack.
You closely miss the vampire mosquito.
You hit the spiny frog but do no damage.
You block the vampire mosquito's attack.
You block the spiny frog's attack.
You completely miss the vampire mosquito.
You barely miss the spiny frog. The vampire mosquito barely misses you.
You block the vampire mosquito's attack.
You block the spiny frog's attack.
You closely miss the vampire mosquito. You hit the spiny frog.
The vampire mosquito bites you!
* * * LOW HITPOINT WARNING * * *
The vampire mosquito draws strength from your injuries!
You block the spiny frog's attack.
You slash the vampire mosquito! You hit the spiny frog.
You block the vampire mosquito's attack.
The vampire mosquito barely misses you. You block the spiny frog's attack.
You hit the vampire mosquito.
You destroy the vampire mosquito!
Makhleb accepts your kill.
You feel better.
You closely miss the spiny frog. The spiny frog stings you!!
* * * LOW HITPOINT WARNING * * *
You hit the porcupine. You closely miss the spiny frog.
The porcupine closely misses you. You block the spiny frog's attack.
You barely miss the porcupine. You hit the spiny frog. The porcupine bites you.
You block the spiny frog's attack.
A vampire mosquito comes into view.
You are struck by the porcupine's spines.
* * * LOW HITPOINT WARNING * * *
You barely miss the porcupine.
The vampire mosquito buzzes angrily.
You hit the spiny frog but do no damage.
You block the porcupine's attack. The spiny frog stings you!
You die...

* * * * ### ** *
#.######### ### , #
*#..#.##.#.####.## , P#.
*#...............# , .y..
###..#.P..####†..# ,,,
....##P...######.#..... ,
, ,.#.....######.#.#...#
, ,
..^.#.@.#..##.##.#.#.## ,
......Fr##....####.#^#.#
,*
...............##.###.##
,
,...............#####.#^#
..............###^###.##
, ,
..........†..P####.#...#
,,
,...............##.#..>..
................####...#
, ,
................###≈≈≈#


You could see a spiny frog, a vampire mosquito and a porcupine.

Vanquished Creatures
  Gastronok (D:9)
  A hydra (Lair:1)
  2 two-headed ogres
  A black mamba (Lair:2)
  A centaur zombie (D:10)
  4 spiny frogs (Lair:1)
  A kobold demonologist (D:10)
  2 komodo dragons
  2 centaur skeletons
  2 jumping spiders (Lair:2)
  2 hippogriffs
  Sigmund (D:6)
  A spriggan (D:7)
  A wyvern (D:9)
  2 redbacks (Lair:2)
  2 wraiths (D:8)
  13 yaks
  A vampire mosquito (Lair:2)
  3 hungry ghosts
  5 porcupines
  6 water moccasins
  2 ice beasts (D:9)
  9 orc warriors
  A phantom (D:4)
  2 sky beasts
  5 black bears
  A necrophage (D:8)
  5 ogres
  9 centaurs
  3 crocodiles (Lair:1)
  21 big kobolds
  A gnoll sergeant (D:9)
  7 bullfrogs
  3 scorpions
  7 wights (D:8)
  4 crimson imps
  4 hounds
  5 human zombies (D:8)
  A jelly (D:6)
  12 orc wizards
  7 orc priests
  A human skeleton (D:8)
  6 iguanas
  13 worker ants
  A hound zombie (D:7)
  A mummy (D:8)
  2 hound skeletons
  3 gnolls
  9 adders
  4 shadow imps
  5 worms
  A dart slug (D:1)
  5 leopard geckos
  57 orcs
  8 giant cockroaches
  6 goblins
  4 hobgoblins
  7 jackals
  5 quokkas
  8 bats
  3 frilled lizards
  31 kobolds
  A leopard gecko skeleton (D:8)
  A leopard gecko zombie (D:5)
  2 quokka skeletons
  4 rats
  A bush (D:1)
  A fungus (D:10)
353 creatures vanquished.

Vanquished Creatures (collateral kills)
  A hydra (Lair:2)
  A black mamba (Lair:2)
  A jumping spider (Lair:2)
  2 redbacks (Lair:2)
  5 orc warriors (Bailey)
  A sky beast (D:9)
  3 centaurs
  A shadow imp (D:9)
  4 orcs (Bailey)
19 creatures vanquished.

Vanquished Creatures (others)
  18 fungi (D:10)
  6 plants (D:10)
24 creatures vanquished.

Grand Total: 396 creatures vanquished

Notes
Turn   | Place    | Note
-------+----------+-------------------------------------------
     0 | D:1      | jehirs the Deep Dwarf Fighter began the quest for the Orb.
     0 | D:1      | Reached XP level 1. HP: 20/20 MP: 1/1
   221 | D:1      | Found a shattered altar of Ashenzari.
   321 | D:1      | Reached XP level 2. HP: 24/27 MP: 2/2
  1199 | D:2      | Reached skill level 3 in Axes
  1199 | D:2      | Reached XP level 3. HP: 17/33 MP: 3/3
  1428 | D:2      | Found a burning altar of Makhleb.
  1437 | D:2      | Reached XP level 4. HP: 18/42 MP: 4/4
  1442 | D:2      | Became a worshipper of Makhleb the Destroyer
  1657 | D:2      | Reached skill level 1 in Invocations
  1714 | D:3      | Found a runed gate.
  1715 | D:3      | Found a runed gate.
  1786 | D:3      | Reached XP level 5. HP: 16/49 MP: 4/4
  1790 | D:3      | Reached skill level 4 in Axes
  2010 | D:3      | Found a runed gate.
  2012 | D:3      | Noticed Arth's ghost (weakling TrFi)
  2133 | D:3      | Found a glowing golden altar of the Shining One.
  2210 | D:3      | Reached * piety under Makhleb
  2270 | D:4      | Reached XP level 6. HP: 38/56 MP: 5/5
  2564 | D:4      | Reached skill level 5 in Axes
  3099 | D:5      | Entered Level 5 of the Dungeon
  3165 | D:5      | Reached XP level 7. HP: 52/63 MP: 7/7
  3295 | D:5      | Reached skill level 5 in Shields
  3511 | D:5      | HP: 2/64 [sky beast (3)]
  3520 | D:4      | Reached skill level 6 in Axes
  3520 | D:4      | Reached skill level 5 in Armour
  3686 | D:6      | Reached XP level 8. HP: 49/73 MP: 9/9
  3707 | D:6      | Found a staircase to the Ecumenical Temple.
  3708 | D:6      | Noticed Sigmund
  3727 | D:6      | Reached ** piety under Makhleb
  3744 | D:6      | Killed Sigmund
  3832 | D:6      | Found a shimmering altar of Xom.
  3970 | D:6      | Reached skill level 7 in Axes
  4305 | D:7      | Reached skill level 5 in Invocations
  4421 | D:7      | Reached skill level 5 in Fighting
  4516 | D:7      | Reached skill level 8 in Axes
  4527 | D:7      | Gained mutation: You passively map the area around you. [Deep Dwarf growth]
  4527 | D:7      | Reached XP level 9. HP: 29/81 MP: 10/10
  4755 | D:7      | Got a fine scale mail
  4766 | D:7      | Identified the +2 scale mail of Optimism {MR+} (You found it on level 7 of the Dungeon)
  4947 | D:7      | Got a ruby-encrusted ring mail
  4958 | D:7      | Identified the cursed +0 ring mail "Ylekk" {rF- MP+9 Int+4} (You found it on level 7 of the Dungeon)
  5209 | D:8      | Found a burning altar of Makhleb.
  5333 | D:8      | Reached skill level 9 in Axes
  5405 | D:8      | Reached *** piety under Makhleb
  6017 | D:8      | Found a basalt altar of Yredelemnul.
  6537 | D:8      | Reached XP level 10. HP: 91/91 MP: 9/9
  6558 | D:9      | Reached skill level 10 in Axes
  6608 | D:9      | Found a flagged portal.
  6617 | Bailey   | Entered a bailey
  6875 | Bailey   | Reached **** piety under Makhleb
  7584 | D:9      | Noticed a two-headed ogre
  7613 | D:9      | Killed a two-headed ogre
  7613 | D:9      | Reached skill level 11 in Axes
  7944 | D:9      | Noticed Gastronok
  7977 | D:9      | Killed Gastronok
  7977 | D:9      | Reached XP level 11. HP: 22/100 MP: 7/7
  8056 | D:10     | Entered Level 10 of the Dungeon
  8264 | D:10     | Found Kubress's Jewellery Boutique.
  8274 | D:10     | Reached ***** piety under Makhleb
  8394 | D:10     | Reached skill level 12 in Axes
  8405 | D:10     | Reached skill level 10 in Armour
  8506 | D:10     | Noticed a two-headed ogre
  8507 | D:10     | Found a staircase to the Lair.
  8515 | D:10     | Killed a two-headed ogre
  9194 | D:11     | Noticed a white ugly thing
  9260 | D:11     | Noticed a green ugly thing
  9367 | Lair:1   | Entered Level 1 of the Lair of Beasts
  9370 | Lair:1   | Noticed a five-headed hydra
  9387 | Lair:1   | Killed a seven-headed hydra
  9387 | Lair:1   | Reached skill level 13 in Axes
  9387 | Lair:1   | Reached skill level 10 in Shields
  9424 | Lair:1   | Reached XP level 12. HP: 65/112 MP: 8/8
 10344 | Lair:2   | Found a hole to the Spider Nest.
 10367 | Lair:2   | HP: 5/112 [jumping spider (4)]
 10380 | Lair:2   | Noticed a five-headed hydra
 10389 | Lair:2   | Killed a five-headed hydra
 10581 | Lair:2   | HP: 1/114 [porcupine's spines (9)]
 10581 | Lair:2   | Mangled by a spiny frog

Skill      XL: |  1  2  3  4  5  6  7  8  9 10 11 12 |
---------------+-------------------------------------+-----
Axes           | 3 4 5 6 8 9 11 13 | 13.7
Fighting       | 3 4 5 6 7 8 9 |  9.0
Shields        | 4 5 6 7 8 10 | 10.7
Invocations    | 1 2 3 4 5 |  5.0
Armour         | 4 5 6 7 9 11 12 | 12.4

Action                   |  1- 3 |  4- 6 |  7- 9 | 10-12 || total
-------------------------+-------+-------+-------+-------++-------
Melee: War axe           |   140 |   211 |   491 |   797 ||  1639
Invok: Minor Destruction |       |       |     8 |     6 ||    14
       Lesser Servant of |       |       |       |     7 ||     7
 Abil: Heal Wounds       |       |     5 |     8 |    23 ||    36
       Evoke Flight      |       |       |       |     3 ||     3
  Use: Scroll            |       |     5 |    12 |     5 ||    22
       Potion            |       |       |       |     5 ||     5
 Stab: Distracted        |       |       |       |     1 ||     1
  Eat: Chunk             |     2 |     6 |    34 |    29 ||    71
Armor: Scale mail        |    20 |       |    53 |   202 ||   275
       Chain mail        |    32 |   105 |   128 |       ||   265
       Ring mail         |       |       |    10 |       ||    10
       Plate armour      |       |       |       |    51 ||    51
Dodge: Dodged            |    23 |    60 |   102 |   228 ||   413
Block: Shield            |    50 |    53 |   267 |   555 ||   925
       Buckler           |       |    34 |       |       ||    34
